 Dungeon Crawl Stone Soup version 0.28.0-43-g3370ac3207 (webtiles) character file.

Game seed: 17433580615163597036

130 sking99 the Magician (level 4, 0/26 HPs)
             Began as a Deep Elf Transmuter on Mar 12, 2022.
             Slain by a bullfrog zombie (4 damage)
             ... on level 3 of the Dungeon.
             The game lasted 00:09:06 (4588 turns).

sking99 the Magician (Deep Elf Transmuter)          Turns: 4588, Time: 00:09:06

Health: 0/26       AC:  2    Str:  9    XL:     4   Next: 90%
Magic:  11/12      EV: 13    Int: 18    God:
Gold:   110        SH:  0    Dex: 15    Spells: 5/11 levels left

rFire   . . .      SeeInvis .     - Unarmed
rCold   . . .      Faith    .   (no shield)
rNeg    . . .      Spirit   .   a - +0 robe
rPois   .          Reflect  .   (helmet currently unavailable)
rElec   .          Harm     .   (no cloak)
rCorr   .          Rampage  .   (no gloves)
Will    .....                   (boots currently unavailable)
Stlth   +.........              (no amulet)
HPRegen 0.08/turn               (no ring)
MPRegen 0.13/turn               (no ring)

@: appendages
A: horns 2, talons 2
a: End Transformation


You were on level 3 of the Dungeon.
You had temporarily grown beastly horns and talons.
You visited 1 branch of the dungeon, and saw 3 of its levels.

You collected 110 gold pieces.

Inventory:

Armour
 a - a +0 robe (worn)
 e - a +0 kite shield
Magical Staves
 n - a staff of conjuration
Scrolls
 b - a scroll of fog {unknown}
 d - 2 scrolls of identify {unknown}
 f - a scroll of vulnerability {unknown}
 g - 2 scrolls of enchant weapon {unknown}
 i - a scroll of silence {unknown}
 j - a scroll of teleportation {unknown}
 k - a scroll of torment {unknown}
Potions
 c - a potion of brilliance {unknown}
 h - a potion of lignification {unknown}
 l - a potion of mutation {unknown}
 m - a potion of berserk rage {unknown}


   Skills:
 + Level 1.8 Fighting
 - Level 2.7 Dodging
 * Level 3.3 Unarmed Combat
 - Level 4.0 Spellcasting
 + Level 2.9 Transmutations
 + Level 1.3 Poison Magic


You had 5 spell levels left.
You knew the following spells:

 Your Spells              Type           Power      Damage    Failure   Level
a - Beastly Appendage     Tmut           28%        N/A       4%          1
b - Wereblood             Tmut           14%        N/A       7%          2
c - Spider Form           Tmut/Pois      11%        N/A       19%         3

Your spell library contained the following spells:

 Spells                   Type           Power      Damage    Failure   Level
 Magic Dart               Conj           12%        1d3       14%         1
 Searing Ray              Conj           6%         2d4       22%         2
 Ice Form                 Ice/Tmut       8%         N/A       63%         4
 Fulminant Prism          Conj/Hex       1%         3d6       82%         4


Dungeon Overview and Level Annotations

Branches:
Dungeon (3/15)

Altars:
Vehumet


Innate Abilities, Weirdness & Mutations

You have temporarily grown beastly horns and talons.


Message History

The bullfrog zombie is moderately damaged.
The bullfrog zombie hits you but does no damage.
You hit the bullfrog zombie.
The bullfrog zombie is moderately damaged.
The bullfrog zombie hits you.
You hit the bullfrog zombie.
The bullfrog zombie is heavily damaged.
The bullfrog zombie barely misses you.
You barely miss the bullfrog zombie.
The bullfrog zombie is heavily damaged.
Your transformation has ended.
Your +0 robe unmelds from your body.
The bullfrog zombie barely misses you. The bullfrog zombie hits you.
You hit the bullfrog zombie but do no damage.
The bullfrog zombie is heavily damaged.
The bullfrog zombie hits you.
You barely miss the bullfrog zombie.
The bullfrog zombie is heavily damaged.
The bullfrog zombie hits you.
You hit the bullfrog zombie.
The bullfrog zombie is severely damaged.
The bullfrog zombie closely misses you.
You barely miss the bullfrog zombie.
The bullfrog zombie is severely damaged.
The bullfrog zombie misses you. The bullfrog zombie barely misses you.
You hit the bullfrog zombie.
The bullfrog zombie is almost destroyed.
The bullfrog zombie hits you.
* * * LOW HITPOINT WARNING * * *
You hit the bullfrog zombie but do no damage.
The bullfrog zombie is almost destroyed.
The bullfrog zombie closely misses you.
You hit the bullfrog zombie but do no damage.
The bullfrog zombie is almost destroyed.
The bullfrog zombie hits you but does no damage.
Casting: Spider Form (quite dangerous; 19% risk of failure)
Confirm with . or Enter, or press ? or * to list all spells.
You grow a pair of large bovine horns.
Your feet morph into talons.
The bullfrog zombie closely misses you. The bullfrog zombie hits you.
You die...

#.######.######## #####
#.##.........#..# ....#
#.##.###.###.#..# ###.# #.##.#
#.# #.#..#
..#.######.##.###.###.#..########
........†...................>....
#.#.######.##.##..###...#....##.#
#.#.######.##.#.....#8.8##.#.##.#
..#.........#.##@##.#...#....##.#
#############....Z).#♣.8#..#.##..
...............#.#)##...#..######
...###########.#.#..#8.8#..'.....
.............#.#.#..#...#..######
...#########.#.#.#..#8.8#..#
...<.........#.#+#..#...#..#
....####.....#......#8.8####
.[...###.....#......#...#


You could see a bullfrog zombie.

Vanquished Creatures
  5 adders (D:2)
  2 worms (D:2)
  4 dart slugs
  4 orcs (D:3)
  10 ball pythons
  7 endoplasms
  2 giant cockroaches
  2 goblins
  6 hobgoblins
  3 jackals (D:2)
  2 quokkas
  4 bats
  2 frilled lizards (D:1)
  7 kobolds
  5 rats
65 creatures vanquished.

Notes
Turn   | Place    | Note
-------+----------+-------------------------------------------
     0 | D:1      | sking99 the Deep Elf Transmuter began the quest for the
                  | Orb.
     0 | D:1      | Reached XP level 1. HP: 11/11 MP: 6/6
   543 | D:1      | Reached skill level 1 in Fighting
   662 | D:1      | Reached XP level 2. HP: 14/16 MP: 6/8
   697 | D:1      | Learned a level 2 spell: Wereblood
  1343 | D:1      | Found a faded altar of an unknown god.
  1524 | D:2      | Reached XP level 3. HP: 20/20 MP: 7/9
  1532 | D:2      | Learned a level 3 spell: Spider Form
  2534 | D:2      | Reached XP level 4. HP: 6/25 MP: 8/11
  3007 | D:2      | Reached skill level 1 in Poison Magic
  3787 | D:3      | Found a radiant altar of Vehumet.
  4457 | D:3      | Reached skill level 4 in Spellcasting
  4588 | D:3      | Slain by a bullfrog zombie

Illustrated notes

Levels and vault maps discovered:
D:1:      lordsloth_arrival_two_stooges, layout_basic,
          shapermc_ecumenical_altar_flowoftime, minmay_tall_x
D:2:      layout_loops_corners, minmay_misc_feat_square
D:3:      layout_basic, mainiacjoe_overflow_boulevard,
          mainiacjoe_overflow_alcove_1, lemuel_crystal_altar, serial_shops,
          shop, chequers_avenue, kennysheep_another_room

Skill      XL: |  1  2  3  4 |
---------------+-------------+-----
Fighting       | 1 |  1.8
Unarmed Combat | 3 |  3.3
Poison Magic   | 1 |  1.3
Spellcasting   | 4 |  4.0
Dodging        | |  2.7
Transmutations | |  2.9

Action                   |  1- 3 |  4- 6 || total
-------------------------+-------+-------++-------
Melee: Unarmed           |   131 |   127 ||   258
       Kick              |    17 |     5 ||    22
       Headbutt          |    12 |     2 ||    14
       Punch             |     4 |     2 ||     6
 Cast: Beastly Appendage |    13 |     5 ||    18
       Spider Form       |     2 |     4 ||     6
  Use: Potion            |     2 |       ||     2
 Stab: Sleeping          |     1 |     6 ||     7
Armor: Robe              |    18 |    16 ||    34
       Skin              |       |     1 ||     1
Dodge: Dodged            |    91 |   102 ||   193
